Description

I was going through Hydra's match history and decided to write this out. It's a pretty basic ZvT opener that will be good for any early reaper/hellion aggression.

Build Order

Get SALT Encoding   

  13  0:13  Overlord  
  17  0:51  Hatchery  
  18  1:06  Extractor  Use last built worker for Pool
  17  1:13  Spawning Pool  
  19  1:39  Overlord  
  21  1:59  Queen, Zergling x2  x2 Sets, Scout Lings
  24  2:03  Queen  
  25  2:06  Metabolic Boost  
  32  2:35  Queen  
  33  2:44  Overlord  
  34  2:54  Overlord  Begin creep w/ 3rd Queen + saturate natural
  44  3:28  Hatchery  
  45  3:30  Queen x2  
  48  3:40  Overlord  
  52  3:52  Overlord  
  52  3:59  Evolution Chamber x2  Double Evo, start Missile + Carapace ASAP
  52  4:03  Extractor  
  52  4:10  Roach Warren  
Spawning Tool Build Advisor. Get it on Overwolf

Analysis

For this specific opener I would transition either into Lair around the 4:00-4:30 minute mark for a +2 Missile +2 Carapace Roach/Rav Timing attack, but any transition should work fine

Go to:

Details

  • Created by: GecKo_y0     
  • Published on: May 15, 2016
  • Modified on: May 15, 2016
  • Patch: Pre-3.8.0
Show
View Real Time Build Order
Export as new Build Order

Comments (5)

On July 21, 2016, 12:47 p.m., GecKo_y0  said:

1 set of zergling equates to 1 supply, I believe. You might want to check that, if I'm incorrect I will definitely alter the build order, but nobody else has seemed to have your issue

On July 17, 2016, 11:22 a.m., NightMareSCII  said:

it's nice but there is a probleme ; at 1:59 (21) , you say "make one queen and 2x set of zergling (4 zerglings in all) , but after you say "at 24 of population make one queen ", but 21 + one queen = 23 + 2x set of zergling =25 of population . i don't know if it's my fault and you would say do just 2 zerglings , or suicide 2 zerglings of 4 , or because you made a typing error . Please can you answer my question , thank you .

On May 17, 2016, 10:17 a.m., MorN  said:

Sounds good! <3

On May 17, 2016, 1:11 a.m., GecKo_y0  said:

Honestly man I don't use reddit at all so if you want to do it for me then that would be awesome :) just credit me if you leave the link to the build :)

On May 16, 2016, 2:40 a.m., MorN  said:

thanks for the awesome build! Be sure to post this on /r/allthingszerg so they can know the best meta right now! :D

Create an account to comment!